 Dungeon Crawl Stone Soup version 0.19.5 (webtiles) character file.

23668 tidbits the Carver (level 12, -2/82 HPs)
             Began as a High Elf Skald on Nov 13, 2017.
             Was a Priest of Cheibriados.
             Slain by an orc knight
             ... wielding a +0 dire flail
              (30 damage)
             ... on level 2 of the Orcish Mines.
             The game lasted 01:22:27 (5628 turns).

tidbits the Carver (High Elf Skald)                 Turns: 5628, Time: 01:22:28

Health: -2/82      AC: 10    Str: 22    XL:     12   Next: 73%
Magic:  21/21      EV: 25    Int: 27    God:    Cheibriados [***...]
Gold:   1088       SH:  0    Dex: 23    Spells: 5 memorised, 8 levels left

rFire  + . .     SeeInvis .     a - +0 scimitar
rCold  . . .     Gourm    .     B - +2 robe {rF+}
rNeg   . . .     Faith    .     D - +0 buckler
rPois  .         Spirit   .     E - +0 helmet
rElec  .         Reflect  .     C - +1 cloak
rCorr  .         Harm     .     G - +1 pair of gloves
MR     +....                    F - +0 pair of boots
Stlth  +.........               d - amulet of regeneration
                                Y - +3 ring of slaying
                                V - +5 ring of evasion

@: confused, singing, very slow
A: no striking features
a: Bend Time, Temporal Distortion, Renounce Religion, Stop Singing


You were on level 2 of the Orcish Mines.
You worshipped Cheibriados.
Cheibriados was most pleased with you.
You were near starving.

You visited 2 branches of the dungeon, and saw 14 of its levels.
You also visited: Ice Cave.

You collected 1088 gold pieces.

Inventory:

Hand Weapons
 a - a +0 scimitar (weapon)
   (You took it off an orc wizard on level 7 of the Dungeon)
 b - a +1 hunting sling of freezing
   (You took it off a goblin on level 4 of the Dungeon)
 j - a +0 long sword of slicing
   (You took it off an orc warrior on level 2 of the Orcish Mines)
 l - a +0 shortbow
   (You took it off a centaur on level 7 of the Dungeon)
 p - a +2 rapier of freezing
   (You took it off Eustachio on level 5 of the Dungeon)
 w - a +0 great sword
   (You took it off an orc knight on level 2 of the Orcish Mines)
 N - a +0 short sword of protection
   (You took it off an orc on level 9 of the Dungeon)
Missiles
 n - 179 arrows
 q - 113 sling bullets
 u - 10 tomahawks (quivered)
 J - a throwing net {!f}
Armour
 h - a +3 plate armour of cold resistance
   (You took it off an orc warlord on level 1 of the Orcish Mines)
 B - a +2 robe of fire resistance (worn)
   (You took it off an orc wizard on level 7 of the Dungeon)
 C - a +1 cloak (worn)
   (You took it off Maurice on level 9 of the Dungeon)
 D - a +0 buckler (worn)
   (You found it on level 2 of the Dungeon)
 E - a +0 helmet (worn)
   (You took it off Robin on level 4 of the Dungeon)
 F - a +0 pair of boots (worn)
   (You found it on level 5 of the Dungeon)
 G - a +1 pair of gloves (worn)
   (You found it on level 1 of the Dungeon)
Jewellery
 d - an amulet of regeneration (around neck)
   (You found it in an ice cave)
 r - an uncursed ring of positive energy
   (You found it on level 7 of the Dungeon)
 s - an uncursed ring of protection from cold
   (You found it on level 3 of the Dungeon)
 K - an uncursed ring of resist corrosion
   (You found it on level 5 of the Dungeon)
 V - a +5 ring of evasion (left hand)
   (You found it on level 5 of the Dungeon)
 Y - a +3 ring of slaying (right hand)
   (You found it on level 11 of the Dungeon)
Wands
 g - a wand of acid (0/15)
   (You found it in an ice cave)
 m - a wand of paralysis (1/24)
   (You found it on level 5 of the Dungeon)
 I - a wand of iceblast (0/15)
   (You found it on level 8 of the Dungeon)
 M - a wand of teleportation (1/9)
   (You found it on level 8 of the Dungeon)
 T - a wand of lightning (0/15)
   (You found it on level 9 of the Dungeon)
Scrolls
 e - 2 scrolls of enchant armour
 k - a scroll of brand weapon {unknown}
 o - 2 scrolls of amnesia {unknown}
 t - a scroll of remove curse
 v - a scroll of fear {unknown}
 y - 3 scrolls of random uselessness {unknown}
 H - a scroll of noise {unknown}
 U - a scroll of immolation
 X - a scroll of silence {unknown}
Potions
 f - a potion of degeneration {unknown}
 i - a potion of haste {unknown}
 z - a potion of lignification
 L - 2 potions of mutation {unknown}
 O - a potion of resistance {unknown}
 Q - a potion of brilliance {unknown}
 R - a potion of magic {unknown}
 S - a potion of ambrosia
 W - a potion of curing {unknown}
Books
 A - a book of Conjurations
   (You found it on level 10 of the Dungeon)

   Spells                             Type                      Level
   a - Magic Dart                     Conjuration                  1
   b - Searing Ray                    Conjuration                  2
   c - Dazzling Spray                 Conjuration/Hexes            3
   d - Fulminant Prism                Conjuration/Hexes            4
   e - Iskenderun's Mystic Blast      Conjuration                  4
   f - Iskenderun's Battlesphere      Conjuration/Charms           5
Miscellaneous
 x - a sack of spiders
Comestibles
 c - 6 bread rations


   Skills:
 + Level 7.9 Fighting
 * Level 13.8 Long Blades
 - Level 0.8 Armour
 + Level 9.0 Dodging
 - Level 5.0 Stealth
 - Level 4.7 Shields
 - Level 4.1 Spellcasting
 - Level 1.2 Hexes
 - Level 5.1 Charms
 - Level 1.0 Necromancy
 - Level 11.2 Invocations
 - Level 5.2 Evocations


You had 8 spell levels left.
You knew the following spells:

 Your Spells              Type           Power        Failure   Level  Hunger
g - Shroud of Golubria    Chrm/Tloc      ###.......   4%          2    None
i - Infusion              Chrm           ####         1%          1    None
r - Regeneration          Chrm/Necr      ###.......   10%         3    ##.....
w - Spectral Weapon       Hex/Chrm       ###.....     10%         3    ##.....
y - Song of Slaying       Chrm           ####....     1%          2    None


Dungeon Overview and Level Annotations

Branches:
Dungeon (12/15)              Lair (0/6) D:11            Orc (2/2) D:12
 Temple: D:4-7          Elf: Orc:2

Altars:
Cheibriados
Fedhas
Nemelex Xobeh
Qazlal
Beogh

Shops:
D:5 :   D:7 [   D:10 =

Annotations:
D:2 Sigmund
D:12 Frances


Message History

You block the orc warrior's attack.
Casting: Song of Slaying
Confirm with . or Enter, or press ? or * to list all spells.
Space distorts slightly along a thin shroud covering your body.
The orc completely misses you. The orc warrior misses you.
You riposte.
You hit the orc warrior but do no damage.
The orc closely misses you.
You hit the orc but do no damage. You block the orc's attack.
You closely miss the orc. The orc misses you.
You riposte.
You closely miss the orc. The orc warrior closely misses you.
You closely miss the orc. The orc closely misses you.
The orc completely misses you.
You slash the orc!
You kill the orc!
Cheibriados appreciates the change of pace.
You hear a shout!
Your shroud bends the orc warrior's attack away!
The orc warrior closely misses you. The orc barely misses you.
You riposte.
You slash the orc!
You kill the orc!
Cheibriados thoroughly appreciates the change of pace.
You hear a shout!
You slice the orc warrior!!
The orc warrior is almost dead.
The orc warrior completely misses you.
The orc warrior hits you with a battleaxe!!
* * * LOW HITPOINT WARNING * * *
Your shroud falls apart!
An orc knight comes into view. It is wielding a battleaxe.
You can feel time thicken for a moment.
You kill the orc!
Cheibriados appreciates the change of pace.
You kill the orc!
Cheibriados thoroughly appreciates the change of pace.
You kill the orc warrior!
Cheibriados appreciates the change of pace.
You kill the orc!
Cheibriados thoroughly appreciates the change of pace.
You feel somewhat more hungry.
Cheibriados lowers the support of your attributes as your movement quickens.
The orc knight roars a battlecry!
The orc warrior goes into a battle-frenzy!
You block the orc warrior's attack.
Unknown command.
You can feel time thicken for a moment.
You kill the orc warrior!
Cheibriados appreciates the change of pace.
Your Dodging skill increases to level 9!
You are near starving!
You can no longer inflict damage on those overly hasty.
Cheibriados lowers the support of your attributes as your movement quickens.
Unknown command.
Evoke which item? (* to show all) (? for menu, Esc to quit)
Zapping:
g - a wand of acid {zapped: 8} (will waste charges)
Press: ? - help, Shift-Dir - straight line, f - orc knight
Aim: an orc knight, wielding a battleaxe and wearing a plate armour (heavily wounded, unusually strong) Nothing appears to happen.
The orc knight hits you with a dire flail!!
* * * LOW HITPOINT WARNING * * *
Unknown command.
Okay, then.
Unknown command.
Okay, then.
Unknown command.
Okay, then.
Unknown command.
Okay, then.
Unknown command.
Okay, then.
Evoke which item? (* to show all) (? for menu, Esc to quit)
Okay, then.
Unknown command.
Evoke which item? (* to show all) (? for menu, Esc to quit)
Zapping:
m - a wand of paralysis (2/24)
Press: ? - help, Shift-Dir - straight line, f - orc knight, p - orc knight
Aim: an orc knight, wielding a dire flail and wearing a chain mail (heavily wounded, chance to defeat MR: 39%)
The orc knight resists with some effort.
This wand has 1 charge left.
The orc knight misses you. x2; You riposte.
You slash the orc knight!
The orc knight is severely wounded.
An orc knight comes into view. It is wielding a war axe of freezing.
Evoke which item? (* to show all) (? for menu, Esc to quit)
Okay, then.
Unknown command.
Okay, then.
Unknown command.
You are confused.
You feel invigorated.
The orc knight roars a battlecry!
The orc knight goes into a battle-frenzy!
An orc warrior comes into view. It is wielding a battleaxe.
You're too confused to move!
The orc knight roars a battlecry!
The orc knight barely misses you.
You're too confused to move!
The orc knight barely misses you. The orc closely misses you.
An orc warrior comes into view. It is wielding a long sword.
You hear a shout!
The orc knight hits you with a dire flail!!
You die...

...##........###
.........#.#....
..#####.#.....#
#........####..# ..#
#.#....## ..# #### .##
######.# .. #. ## ##
#### # #... ####
####################....
....
......(.ooo....(.(.(....
....
.......@.oo)..(.).......
##..
##.#######).######......
#.o# #...... #..#
#o.#... ...# #......
##.o##+###))....
#....oo..).....
.###+###...... #...#..


You could see 3 orc knights, an orc warrior and an orc.

Vanquished Creatures
  An orc warlord (Orc:1)
  A stone giant (Orc:1)
  An orc high priest (Orc:1)
  An unseen horror (D:9)
  The ghost of tidbits the Carver, a novice HESk of Cheibriados (D:9)
  A hill giant (D:11)
  Pikel (D:6)
  2 orc knights (Orc:2)
  A deep elf mage (D:12)
  3 orc sorcerers
  A cyclops (D:12)
  2 ugly things (IceCv)
  A centaur zombie (D:12)
  Joseph (D:9)
  Maurice (D:9)
  2 ice statues (IceCv)
  A komodo dragon (D:12)
  A queen bee (D:9)
  2 trolls
  2 two-headed ogres (D:12)
  2 hippogriffs
  A vampire (D:12)
  A hungry ghost (D:10)
  15 yaks
  7 wargs
  Menkaure (D:5)
  Eustachio (D:5)
  2 soldier ants
  25 orc warriors
  4 slaves (D:6)
  8 ice beasts
  2 phantoms
  3 sky beasts
  A black bear (D:10)
  A necrophage (D:9)
  10 ogres
  6 centaurs
  4 bullfrogs
  6 big kobolds
  2 scorpions (D:6)
  19 killer bees (D:9)
  2 electric eels (D:6)
  3 howler monkeys
  2 quasits
  5 crimson imps
  7 orc priests
  5 hounds
  2 jellies (D:7)
  13 orc wizards
  A gnoll shaman (D:6)
  2 iguanas
  5 worker ants
  A hound skeleton (D:6)
  Robin (D:4)
  5 gnolls
  10 adders
  2 shadow imps
  An ooze (D:7)
  An adder skeleton (D:8)
  An adder zombie (D:5)
  3 worms
  3 leopard geckos (D:3)
  60 orcs
  3 bats
  2 giant cockroaches
  34 goblins
  42 hobgoblins
  3 quokkas
  A ball python (D:2)
  5 frilled lizards
  A jackal skeleton (D:7)
  22 kobolds
  3 rats
  2 fungi (D:9)
  3 spectral weapons
404 creatures vanquished.

Vanquished Creatures (others)
  A fungus (D:9)
  5 spectral weapons
6 creatures vanquished.

Grand Total: 410 creatures vanquished

Notes
Turn   | Place    | Note
-------+----------+-------------------------------------------
     0 | D:1      | tidbits the High Elf Skald began the quest for the Orb.
     0 | D:1      | Reached XP level 1. HP: 14/14 MP: 4/4
    73 | D:1      | Reached skill level 3 in Spellcasting
    73 | D:1      | Reached XP level 2. HP: 6/19 MP: 1/7
    77 | D:1      | Learned a level 2 spell: Song of Slaying
    80 | D:1      | Learned a level 2 spell: Shroud of Golubria
   259 | D:2      | Reached skill level 4 in Spellcasting
   259 | D:2      | Reached XP level 3. HP: 7/24 MP: 3/9
   264 | D:2      | Learned a level 3 spell: Regeneration
   291 | D:2      | Noticed Sigmund
   719 | D:2      | Found a snail-covered altar of Cheibriados.
   727 | D:2      | Became a worshipper of Cheibriados the Contemplative
   867 | D:3      | Reached skill level 4 in Charms
   910 | D:3      | Reached XP level 4. HP: 25/29 MP: 4/11
  1005 | D:3      | Reached * piety under Cheibriados
  1010 | D:3      | Learned a level 3 spell: Spectral Weapon
  1040 | D:4      | Reached skill level 1 in Invocations
  1048 | D:4      | Noticed an ogre
  1057 | D:4      | Noticed Robin
  1254 | D:5      | Entered Level 5 of the Dungeon
  1261 | D:5      | Noticed an ogre
  1271 | D:5      | Killed an ogre
  1271 | D:5      | Reached skill level 3 in Invocations
  1271 | D:5      | Reached XP level 5. HP: 33/34 MP: 4/12
  1318 | D:5      | Noticed a phantom
  1333 | D:5      | Killed a phantom
  1333 | D:5      | Reached skill level 4 in Invocations
  1333 | D:5      | Reached XP level 6. HP: 34/39 MP: 4/13
  1336 | D:5      | Found Nyopul's Book Shop.
  1408 | D:6      | Noticed a sky beast
  1410 | D:6      | Noticed a slave
  1411 | D:6      | Noticed a slave
  1420 | D:5      | Killed a sky beast
  1420 | D:5      | Reached skill level 5 in Invocations
  1436 | D:5      | Noticed Eustachio
  1461 | D:5      | Killed Eustachio
  1461 | D:5      | Reached skill level 3 in Long Blades
  1461 | D:5      | Reached skill level 6 in Invocations
  1461 | D:5      | Reached XP level 7. HP: 34/45 MP: 2/14
  1530 | D:5      | Reached skill level 4 in Long Blades
  1597 | D:5      | Reached skill level 5 in Long Blades
  1671 | D:4      | Reached skill level 2 in Dodging
  1714 | D:4      | Reached skill level 3 in Dodging
  1796 | D:4      | Reached ** piety under Cheibriados
  1803 | D:4      | Reached skill level 4 in Dodging
  1809 | D:4      | Killed Robin
  1989 | D:5      | Noticed Menkaure
  1993 | D:5      | Killed Menkaure
  1993 | D:5      | Reached skill level 5 in Dodging
  1993 | D:5      | Reached XP level 8. HP: 50/50 MP: 11/15
  2046 | D:6      | Reached skill level 6 in Long Blades
  2062 | D:6      | Found a stormy altar of Qazlal.
  2063 | D:6      | Noticed Pikel
  2078 | D:6      | Killed Pikel
  2078 | D:6      | Reached skill level 3 in Fighting
  2078 | D:6      | Reached skill level 7 in Long Blades
  2143 | D:7      | Reached skill level 4 in Fighting
  2143 | D:7      | Reached skill level 8 in Long Blades
  2204 | D:7      | Found Mihe Xuupte's Armour Boutique.
  2211 | D:6      | Reached XP level 9. HP: 36/58 MP: 2/16
  2213 | D:6      | Reached skill level 5 in Charms
  2240 | D:7      | Reached skill level 1 in Hexes
  2240 | D:7      | Reached skill level 1 in Necromancy
  2345 | D:7      | Reached *** piety under Cheibriados
  2345 | D:7      | Reached skill level 9 in Long Blades
  2536 | D:6      | Reached **** piety under Cheibriados
  2561 | D:6      | Reached skill level 6 in Dodging
  2563 | D:6      | Reached skill level 5 in Fighting
  2681 | D:6      | Reached ***** piety under Cheibriados
  2767 | D:6      | Reached skill level 10 in Long Blades
  2860 | D:7      | Found a sparkling altar of Nemelex Xobeh.
  3352 | D:9      | Noticed Maurice
  3362 | D:9      | Killed Maurice
  3362 | D:9      | Reached skill level 11 in Long Blades
  3362 | D:9      | Reached skill level 7 in Dodging
  3362 | D:9      | Reached XP level 10. HP: 68/68 MP: 13/17
  3382 | D:9      | Noticed Joseph
  3396 | D:9      | Killed Joseph
  3396 | D:9      | Reached skill level 6 in Fighting
  3543 | D:9      | Noticed tidbits's ghost (novice HESk)
  3551 | D:9      | Killed tidbits's ghost
  3551 | D:9      | Reached skill level 7 in Invocations
  3622 | D:9      | Reached skill level 8 in Invocations
  3654 | D:9      | Found a blossoming altar of Fedhas.
  3771 | D:9      | Killed an unseen horror
  3771 | D:9      | Reached skill level 2 in Shields
  3842 | D:9      | Reached skill level 3 in Shields
  3894 | D:10     | Entered Level 10 of the Dungeon
  3915 | D:10     | Reached skill level 4 in Shields
  4008 | D:11     | Noticed a cyclops
  4041 | D:11     | Reached skill level 1 in Stealth
  4063 | D:11     | Found a staircase to the Lair.
  4098 | D:11     | Noticed a hill giant
  4106 | D:11     | Killed a hill giant
  4106 | D:11     | Reached skill level 3 in Stealth
  4106 | D:11     | Reached XP level 11. HP: 72/72 MP: 13/18
  4122 | D:10     | Found a stormy altar of Qazlal.
  4141 | D:10     | Found Ranlof's Jewellery Boutique.
  4192 | D:10     | Reached ****** piety under Cheibriados
  4192 | D:10     | Reached skill level 4 in Stealth
  4339 | D:12     | Reached skill level 5 in Stealth
  4381 | D:12     | Noticed a deep elf mage
  4392 | D:12     | Killed a deep elf mage
  4399 | D:12     | Found a staircase to the Orcish Mines.
  4418 | D:12     | Noticed Frances
  4435 | D:12     | Noticed a skeletal warrior
  4435 | D:12     | Noticed a skeletal warrior
  4485 | D:12     | Reached skill level 9 in Invocations
  4548 | D:12     | Reached skill level 10 in Invocations
  4584 | D:12     | Found a frozen archway.
  4598 | IceCv    | Entered an ice cave
  4598 | IceCv    | Noticed a white ugly thing
  4608 | IceCv    | Reached skill level 11 in Invocations
  4609 | IceCv    | Killed a white ugly thing
  4682 | IceCv    | Noticed a white ugly thing
  4687 | IceCv    | Killed a white ugly thing
  4694 | IceCv    | Reached skill level 12 in Long Blades
  4746 | D:12     | Reached skill level 8 in Dodging
  4850 | Orc:1    | Entered Level 1 of the Orcish Mines
  4878 | Orc:2    | Entered Level 2 of the Orcish Mines
  4891 | Orc:1    | Noticed a stone giant
  4904 | Orc:1    | Killed a stone giant
  4904 | Orc:1    | Reached XP level 12. HP: 52/80 MP: 12/21
  4978 | Orc:1    | Reached skill level 7 in Fighting
  4981 | Orc:1    | Noticed an orc warlord
  5079 | Orc:1    | Reached skill level 1 in Evocations
  5079 | Orc:1    | Reached skill level 2 in Evocations
  5086 | Orc:1    | Killed an orc warlord
  5086 | Orc:1    | Reached skill level 4 in Evocations
  5203 | Orc:1    | Found a roughly hewn altar of Beogh.
  5260 | Orc:1    | Noticed an orc high priest
  5275 | Orc:1    | Reached skill level 13 in Long Blades
  5295 | Orc:1    | Killed an orc high priest
  5420 | Orc:2    | Reached skill level 5 in Evocations
  5622 | Orc:2    | Reached skill level 9 in Dodging
  5623 | Orc:2    | HP: 4/82 [orc knight/dire flail (29)]
  5628 | Orc:2    | Slain by an orc knight

Skill      XL: |  1  2  3  4  5  6  7  8  9 10 11 12 |
---------------+-------------------------------------+-----
Spellcasting   | 3 4 |  4.1
Charms         | 4 5 |  5.1
Invocations    | 3 4 6 8 11 | 11.2
Long Blades    | 3 5 8 11 12 13 | 13.8
Dodging        | 5 7 8 9 |  9.0
Fighting       | 4 5 6 7 |  7.9
Hexes          | 1 |  1.2
Necromancy     | 1 |  1.0
Shields        | 4 |  4.7
Stealth        | 3 5 |  5.0
Evocations     | 5 |  5.2
Armour         | |  0.8

Action                   |  1- 3 |  4- 6 |  7- 9 | 10-12 || total
-------------------------+-------+-------+-------+-------++-------
Melee: Falchion          |   108 |    58 |       |       ||   166
       Long sword        |       |    16 |    18 |       ||    34
       Rapier            |       |       |   121 |       ||   121
       Scimitar          |       |       |   224 |   462 ||   686
       Unarmed           |       |       |       |     1 ||     1
 Fire: Hunting sling     |       |     9 |       |     8 ||    17
Throw: Tomahawk          |       |       |     9 |     4 ||    13
       Throwing net      |       |       |       |     1 ||     1
 Cast: Infusion          |    15 |     7 |       |       ||    22
       Shroud of Golubri |     2 |     4 |    11 |    16 ||    33
       Regeneration      |     5 |     3 |    14 |    20 ||    42
       Spectral Weapon   |       |     5 |    27 |    46 ||    78
       Song of Slaying   |       |     1 |    19 |    14 ||    34
Invok: Bend Time         |       |       |     2 |     2 ||     4
       Slouch            |       |       |       |    15 ||    15
       Temporal Distorti |       |       |       |     2 ||     2
Evoke: Wand              |       |     5 |     7 |    20 ||    32
  Use: Scroll            |       |     7 |     5 |     3 ||    15
       Potion            |       |     1 |     1 |     6 ||     8
 Stab: Sleeping          |     2 |       |     1 |     2 ||     5
       Distracted        |       |     1 |     2 |     7 ||    10
       Paralysed         |       |     3 |     8 |       ||    11
  Eat: Chunk             |     1 |     2 |     7 |     9 ||    19
Armor: Leather armour    |    29 |    24 |    18 |       ||    71
       Robe              |       |       |    34 |    52 ||    86
       Skin              |       |       |       |     4 ||     4
Dodge: Dodged            |    57 |    48 |   402 |   469 ||   976
Block: Buckler           |       |       |       |   115 ||   115
       Rpst.: Falchion   |    16 |    12 |       |       ||    28
       Long sword        |       |     3 |     1 |       ||     4
       Scimitar          |       |       |    79 |   119 ||   198

Table legend:
 A = Turns spent in this place as a percentage of turns spent in the entire game.
 B = Non-inter-level travel turns spent in this place as a percentage of non-inter-level travel turns spent in the entire game.
 C = Inter-level travel turns spent in this place as a percentage of turns spent in this place.
 D = Turns resting spent in this place as a percentage of non-inter-level travel turns spent in this place.
 E = Turns spent auto-exploring this place as a percentage of non-inter-level travel turns spent in this place.
 F = Non-inter-level travel turns spent in this place divided by the number of levels of this place that you've seen.
                   A       B       C       D       E      F
               +-------+-------+-------+-------+-------+----------------------
         Total | 100.0 | 100.0 |   0.0 |   0.0 |   0.0 | 382.3
       Dungeon |  81.1 |  81.1 |   0.0 |   0.0 |   0.0 | 387.5
  Orcish Mines |  16.1 |  16.1 |   0.0 |   0.0 |   0.0 | 461.5
      Ice Cave |   2.8 |   2.8 |   0.0 |   0.0 |   0.0 | 162.0
               +-------+-------+-------+-------+-------+----------------------

Table legend:
 A = Kills in this place as a percentage of kills in entire the game.
 B = Kills by you in this place as a percentage of kills by you in the entire game.
 C = Kills by friends in this place as a percentage of kills by friends in the entire game.
 D = Other kills in this place as a percentage of other kills in the entire game.
 E = Experience gained in this place as a percentage of experience gained in the entire game.
 F = Experience gained in this place divided by the number of levels of this place that you have seen.
                   A       B       C       D       E      F
               +-------+-------+-------+-------+-------+----------------------
         Total | 100.0 | 100.0 |  -nan |  -nan | 100.0 | 2254.1
       Dungeon |  76.5 |  76.5 |  -nan |  -nan |  54.8 | 1543.2
  Orcish Mines |  21.0 |  21.0 |  -nan |  -nan |  37.1 | 6278.0
      Ice Cave |   2.5 |   2.5 |  -nan |  -nan |   8.1 | 2738.0
               +-------+-------+-------+-------+-------+----------------------

Vault maps used:
D:1:      lordsloth_arrival_two_stooges
D:2:      first_bread, kennysheep_path_1, cheibriados_altar_1, uniq_sigmund
D:3:      trog_hazing_becter
D:4:      uniq_robin
D:5:      serial_shops, shop, corexii_leaking_fountain, uniq_menkaure,
          uniq_eustachio
D:6:      minmay_goblin_kobold_castle, basic_altar, kennysheep_nondescript,
          kennysheep_small_square, uniq_pikel
D:7:      minmay_temple_entry_mist, serial_shops, shop,
          nemelex_dance_club_becter
D:9:      david_nohive_1, fedhas_altar_3, uniq_joseph, uniq_maurice
D:10:     serial_shops, shop, grunt_qazlal_sundering
D:11:     david_lair_shrubbed, serial_shops, shop, lemuel_nasty_fountain
D:12:     orc_0_dummy, portal_ice_cave_entry_pillars_1, st_stairs_3,
          library_closet, uniq_frances
Orc:1:    basic_altar
Orc:2:    st_orc_town, rock_pile
IceCv:    ice_cave_statue_garden_teleport
